 Dungeon Crawl Stone Soup version 0.30.0-30-g96aa6591b8 (webtiles) character file.

Game seed: 3582525194414935005

1919 Sopeez the Covered (level 8, -15/71 HPs)
             Began as a Minotaur Fighter on June 26, 2023.
             Was a Priest of Zin.
             Demolished by Duvessa
             ... wielding a +0 rapier
              (20 damage)
             ... on level 4 of the Dungeon.
             The game lasted 00:41:48 (4984 turns).

Sopeez the Covered (Minotaur Fighter)               Turns: 4984, Time: 00:41:49

Health: -15/71     AC: 10    Str: 24    XL:     8   Next: 95%
Magic:  7/7        EV: 10    Int:  5    God:    Zin [***...]
Gold:   265        SH:  4    Dex:  9    Spells: 7/7 levels left

rFire   . . .        a - +2 flail (holy)
rCold   . . .        c - +0 buckler
rNeg    . . .        b - +0 scale mail
rPois   .            (helmet restricted)
rElec   .            m - +0 cloak
rCorr   .            y - +0 pair of gloves
SInv    .            (no boots)
Will    .....        (no amulet) Stlth
                     (no ring)
HPRegen 0.31/turn    (no ring)
MPRegen 0.10/turn

%: no passive effects
@: brilliant
A: horns 2, retaliatory headbutt
a: Renounce Religion, Recite, Vitalisation, Imprison, Donate Gold


You were on level 4 of the Dungeon.
You worshipped Zin.
Zin was most pleased with you.
You visited 1 branch of the dungeon, and saw 5 of its levels.
You also visited: Ossuary.

You collected 294 gold pieces.
You donated 29 gold pieces to Zin.

Inventory:

Hand Weapons
 a - a +2 flail of holy wrath (weapon)
 o - the +2 spear "Teah" {venom, rF+ Int+4}
   (You found it on level 3 of the Dungeon)

   Int:       It affects your intelligence (+4).
   rF:        It protects you from fire.
Missiles
 s - 2 boomerangs (quivered)
 u - 5 poisoned darts
Armour
 b - a +0 scale mail (worn)
 c - a +0 buckler (worn)
 m - a +0 cloak (worn)
 y - a +0 pair of gloves (worn)
Jewellery
 f - a ring of ice
Wands
 q - a wand of digging (10)
 v - a wand of paralysis (4)
Scrolls
 e - 3 scrolls of amnesia {unknown}
 g - a scroll of fear {unknown}
 i - 4 scrolls of identify
 j - a scroll of noise {unknown}
 l - a scroll of immolation {unknown}
 n - a scroll of silence {unknown}
 r - a scroll of butterflies {unknown}
 t - 6 scrolls of teleportation
 w - a scroll of enchant armour {unknown}
Potions
 d - a potion of degeneration {unknown}
 h - 2 potions of curing
 k - 2 potions of ambrosia {unknown}
 x - 2 potions of brilliance
 z - a potion of attraction {unknown}
 A - 2 potions of haste
 B - 2 potions of magic
 C - a potion of flight {unknown}


   Skills:
 + Level 6.3 Fighting
 + Level 7.1 Maces & Flails
 + Level 6.1 Polearms
 + Level 7.8 Armour
 + Level 3.0 Dodging
 + Level 1.3 Stealth
 + Level 5.3 Shields


You had 7 spell levels left.
You didn't know any spells.
Your spell library contained the following spells:

 Spells                   Type           Power      Damage    Failure   Level
 Apportation              Tloc           0%         N/A       80%         1
 Kiss of Death            Conj/Necr      0%         2d5       80%         1
 Confusing Touch          Hex            0%         N/A       99%         3
 Dispel Undead            Necr           0%         3d6       100%        4
 Alistair's Intoxication  Tmut/Pois      0%         N/A       100%        5


Dungeon Overview and Level Annotations

Branches:
Dungeon (5/15)            Ossuary (visited)
 Temple: D:4-7

Altars:
Xom
Yredelemnul
Zin

Annotations:
D:4 Duvessa


Innate Abilities, Weirdness & Mutations

You have a pair of horns on your head.
You reflexively headbutt those who attack you in melee.


Message History

Duvessa says, "My weaknesses are his strengths!"
Duvessa barely misses you. Dowan barely misses you. You furiously retaliate!
You headbutt Dowan! Dowan hits you but does no damage.
You feel clever all of a sudden. You block Duvessa's attack.
Dowan closely misses you. Duvessa barely misses you.
You hit Dowan.
You kill Dowan!
Duvessa screams, "No!
How DARE you!"
Duvessa goes berserk!
You block Duvessa's attack.
Your Dodging skill increases to level 3!
You barely miss Duvessa. You headbutt Duvessa.
Duvessa is lightly wounded.
Duvessa hits you but does no damage. Duvessa hits you with a +0 rapier.
Duvessa attacks as you move away! Duvessa completely misses you.
You block Duvessa's attack.
You hear an angry growl.
Things that are here:
a +2 dagger of speed; a +0 robe; the elf corpse of Dowan Duvessa attacks as you move away!
Duvessa hits you with a +0 rapier.
You sock Duvessa!
Duvessa is moderately wounded.
Duvessa hits you with a +0 rapier!
* * * LOW HITPOINT WARNING * * *
Duvessa hits you with a +0 rapier!
* * * LOW HITPOINT WARNING * * *
There is a stone staircase leading up here.
Duvessa hits you with a +0 rapier! Zin protects you from harm!
You block Duvessa's attack.
You climb upwards.
There is a stone staircase leading down here.
You feel more clever all of a sudden. Duvessa closely misses you.
You hit Duvessa.
Duvessa is moderately wounded.
Duvessa hits you with a +0 rapier.
* * * LOW HITPOINT WARNING * * *
Duvessa hits you with a +0 rapier!!
You die...

### ..# # #.# #.######.#
#........# #.......<### #......
######### #.####. ......e@#
#.####. #######.......# #<..<#.
#########.###############. ####
#...............)......... ...#
#.....###.################ ...#
#.....[...[..............†
...#####....#.##.################
.(.....'....#.##.#
...#####....#.##.#


You could see Duvessa (berserk, fast).

Vanquished Creatures
  The ghost of dracomuter the Chucker, a novice GnWn (D:3)
  Grinder (D:4)
  Edmund (D:4)
  A water moccasin (D:5)
  A kobold brigand (D:3)
  6 elf zombies (Ossuary)
  Blork the orc (D:4)
  Dowan (D:5)
  4 crimson imps (D:3)
  3 centaur zombies (Ossuary)
  3 human zombies (Ossuary)
  A jelly (D:4)
  An orc wizard (D:5)
  Terence (D:3)
  3 mummies (Ossuary)
  Robin (D:3)
  A gnoll (D:1)
  7 adders
  2 dart slugs
  5 orcs
  5 bats
  4 endoplasms
  A giant cockroach (D:1)
  14 goblins
  10 hobgoblins
  4 jackals (D:2)
  4 quokkas
  7 ball pythons
  7 frilled lizards
  14 kobolds
  6 rats
  2 rat zombies (D:4)
123 creatures vanquished.

Notes
Turn   | Place    | Note
-------+----------+-------------------------------------------
     0 | D:1      | Sopeez the Minotaur Fighter began the quest for the Orb.
     0 | D:1      | Reached XP level 1. HP: 19/19 MP: 0/0
   396 | D:1      | Reached XP level 2. HP: 17/27 MP: 1/1
   604 | D:1      | Reached XP level 3. HP: 33/33 MP: 2/2
  1558 | D:2      | Reached XP level 4. HP: 38/40 MP: 3/3
  2345 | D:3      | Identified the +2 spear "Teah" {venom, rF+ Int+4}
  2497 | D:3      | Noticed Terence
  2512 | D:3      | Killed Terence
  2599 | D:3      | Found a shimmering altar of Xom.
  2612 | D:3      | Reached XP level 5. HP: 47/47 MP: 4/4
  2735 | D:3      | Found a basalt altar of Yredelemnul.
  2752 | D:3      | Reached skill level 1 in Polearms
  2752 | D:3      | Reached skill level 1 in Dodging
  2973 | D:3      | Noticed dracomuter's ghost (novice GnWn)
  2992 | D:3      | Found a glowing silver altar of Zin.
  2996 | D:3      | Became a worshipper of Zin the Law-Giver
  2996 | D:3      | Reached * piety under Zin
  3246 | D:3      | Found a runed translucent gate.
  3248 | D:3      | Found a runed translucent gate.
  3248 | D:3      | Found a runed translucent gate.
  3292 | D:3      | Killed dracomuter's ghost
  3293 | D:3      | Reached skill level 5 in Fighting
  3293 | D:3      | Reached skill level 5 in Armour
  3293 | D:3      | Reached XP level 6. HP: 45/56 MP: 5/5
  3293 | D:3      | Reached XP level 7. HP: 49/61 MP: 6/6
  3789 | D:3      | Noticed Robin
  3802 | D:3      | Killed Robin
  3848 | D:4      | Noticed Blork the orc
  3858 | D:4      | Killed Blork the orc
  3859 | D:4      | Reached skill level 1 in Stealth
  3866 | D:4      | Noticed Grinder
  3868 | D:4      | Paralysed by Grinder for 5 turns
  3876 | D:4      | Paralysed by Grinder for 5 turns
  4251 | D:4      | Paralysed by Grinder for 2 turns
  4257 | D:4      | Paralysed by Grinder for 2 turns
  4270 | D:4      | Killed Grinder
  4270 | D:4      | Reached ** piety under Zin
  4271 | D:4      | Reached skill level 5 in Polearms
  4290 | D:4      | Noticed Edmund
  4309 | D:4      | Killed Edmund
  4310 | D:4      | Reached XP level 8. HP: 39/69 MP: 7/7
  4360 | D:4      | Found a sand-covered staircase.
  4371 | Ossuary  | Entered an ossuary
  4382 | Ossuary  | Reached skill level 5 in Shields
  4389 | Ossuary  | Reached skill level 5 in Maces & Flails
  4638 | D:4      | Reached *** piety under Zin
  4834 | D:5      | Entered Level 5 of the Dungeon
  4962 | D:5      | Noticed Duvessa
  4962 | D:5      | Noticed Dowan
  4975 | D:5      | Killed Dowan
  4981 | D:5      | Zin protects you from harm!
  4984 | D:4      | Demolished by Duvessa

Illustrated notes

Levels and vault maps discovered:
D:1:      evilmike_arrival_rings, layout_rooms, nrook_campfire, minmay_tall_x
D:2:      layout_rooms
D:3:      layout_loops_ring, zin_statuary, led_xom_imps, lemuel_crystal_altar,
          gammafunk_ghost_nasty_kobolds, nicolae_elevator_lobby_asterisk,
          uniq_robin, uniq_terence
D:4:      layout_basic, enter_ossuary_4, uniq_blork_the_orc, uniq_grinder,
          uniq_edmund
D:5:      layout_loops_corners, st_stairs_8,
          minmay_a_box_with_orc_wizards_in_it, uniq_pikel, uniq_duvessa

Skill      XL: |  1  2  3  4  5  6  7  8 |
---------------+-------------------------+-----
Armour         | 4 5 6 7 |  7.8
Fighting       | 4 5 6 |  6.3
Maces & Flails | 3 4 7 |  7.1
Shields        | 4 5 |  5.3
Polearms       | 3 5 6 |  6.1
Dodging        | 2 3 |  3.0
Stealth        | 1 |  1.3

Action                     |  1- 3 |  4- 6 |  7- 9 || total
---------------------------+-------+-------+-------++-------
  Melee: Flail             |    72 |    14 |   133 ||   219
         Headbutt          |     7 |    16 |    25 ||    48
         Spear             |       |    65 |    73 ||   138
    Use: Potion            |     1 |       |     3 ||     4
         Scroll            |       |       |     4 ||     4
 Armour: Scale mail        |    32 |    38 |    60 ||   130
  Dodge: Dodged            |    32 |    29 |    71 ||   132
  Block: Buckler           |    14 |    11 |    37 ||    62
